 Dungeon Crawl Stone Soup version 0.31-a0-216-g22e908daa7 (webtiles) character file.

Game seed: 1055507312767580432

7987 qw the Skirmisher (level 11, -3/108 HPs)
             Began as a Minotaur Hexslinger on July 1, 2023.
             Was an Elder of Okawaru.
             Slain by a polar bear (16 damage)
             ... on level 1 of the Lair of Beasts.
             The game lasted 00:03:43 (9099 turns).

qw the Skirmisher (Minotaur Hexslinger)             Turns: 9099, Time: 00:03:44

Health: -3/108     AC:  8    Str: 13    XL:     11   Next: 4%
Magic:  13/13      EV: 21    Int: 10    God:    Okawaru [****..]
Gold:   499        SH:  0    Dex: 17    Spells: 11/12 levels left

rFire   + . .        s - +1 sling "Blob" {freeze, rF+}
rCold   + . .        (no shield)
rNeg    . . .        d - +2 ring mail {rC+}
rPois   .            (helmet restricted)
rElec   .            (no cloak)
rCorr   .            (no gloves)
SInv    +            (no boots)
Will    .....        (no amulet)
Stlth   ++           f - +5 ring of evasion
HPRegen 0.38/turn    r - ring of see invisible
MPRegen 0.13/turn

%: no passive effects
@: about to teleport, heroic
A: horns 2, retaliatory headbutt, mutation resistance 1, robust 1
a: Renounce Religion, Heroism, Finesse


You were on level 1 of the Lair of Beasts.
You worshipped Okawaru.
Okawaru was greatly pleased with you.
You visited 3 branches of the dungeon, and saw 10 of its levels.
You also visited: Sewer.

You collected 593 gold pieces.
You spent 94 gold pieces at shops.


Innate Abilities, Weirdness & Mutations

You have a pair of horns on your head.
You reflexively headbutt those who attack you in melee.
You are somewhat resistant to further mutation.
You are robust. (+10% HP)


   Skills:
 - Level 10.0(15.0) Fighting
 - Level 14.0(19.0) Ranged Weapons
 - Level 3.0(8.0) Armour
 + Level 5.7(10.7) Dodging
 - Level 1.0 Spellcasting
 - Level 2.0 Hexes
 + Level 5.2 Invocations


You had 11 spell levels left.
You knew the following spells:

 Your Spells              Type           Power      Damage    Failure   Level
a - Slow                  Hex            16%        N/A       28%         1

Your spell library contained the following spells:

 Spells                   Type           Power      Damage    Failure   Level
 Inner Flame              Hex/Fire       2%         N/A       78%         3
 Portal Projectile        Hex/Tloc       4%         N/A       78%         3
 Cause Fear               Hex            2%         N/A       96%         4

Inventory:

Hand Weapons
 s - the +1 sling "Blob" (weapon) {freeze, rF+}
   (You found it on level 3 of the Dungeon)

   rF:        It protects you from fire.
Armour
 c - a +0 cloak
 d - a +2 ring mail of cold resistance (worn)
 i - a +0 pair of gloves
 t - a +0 pair of boots
Jewellery
 f - a +5 ring of evasion (left hand)
 h - an amulet of faith
 q - an amulet of reflection
 r - a ring of see invisible (right hand)
 v - a +6 ring of strength
Scrolls
 a - a scroll of teleportation
 j - 2 scrolls of enchant armour
 o - a scroll of identify
Potions
 b - a potion of might
 e - 6 potions of curing
 g - 2 potions of mutation
 l - a potion of enlightenment {unknown}
 m - a potion of magic {unknown}
 p - a potion of haste {unknown}
 u - a potion of brilliance {unknown}

Dungeon Overview and Level Annotations

Branches:
Dungeon (8/15)             Temple (1/1) D:5            Lair (1/5) D:8
  Sewer (visited)

Altars:
Ashenzari
Cheibriados
Dithmenos
Elyvilon
Fedhas
Gozag
Hepliaklqana
Kikubaaqudgha
Makhleb
Nemelex Xobeh
Okawaru
Qazlal
Ru
Sif Muna
Trog
Uskayaw
Vehumet
Wu Jian
Xom
Yredelemnul
The Shining One

Shops:
D:4 ?*[

Annotations:
D:2 1 runed translucent door, Crazy Yiuf
D:3 1 runed translucent door, qw's ghost, amateur GrHs


Message History

You headbutt the polar bear. The polar bear completely misses you.
The polar bear misses you.
You shoot a sling bullet.
The sling bullet hits the polar bear but does no damage.
The polar bear is lightly wounded.
The yak closely misses you. The polar bear misses you.
The polar bear claws you but does no damage.
The polar bear barely misses you.
You shoot a sling bullet. The sling bullet hits the polar bear.
The polar bear is lightly wounded.
The yak closely misses you. You furiously retaliate!
You headbutt the yak! The polar bear bites you! The polar bear misses you.
The polar bear barely misses you.
You shoot a sling bullet. The sling bullet barely misses the yak.
You shoot a sling bullet.
The sling bullet completely misses the yak.
The yak gores you! The polar bear closely misses you.
The polar bear claws you but does no damage. x2
You shoot a sling bullet.
The sling bullet hits the yak but does no damage.
The yak is moderately wounded.
The yak misses you. You furiously retaliate!
You headbutt the yak. The polar bear closely misses you.
The polar bear claws you.
The polar bear claws you but does no damage.
9097 ||| READING 2 scrolls of teleportation.
As you read the scroll of teleportation, it crumbles to dust.
You feel strangely unstable. The yak barely misses you.
The polar bear bites you!
The polar bear claws you but does no damage.
The polar bear misses you.
You shoot a sling bullet. The sling bullet hits the yak!
The sling bullet freezes the yak.
The yak is severely wounded.
The polar bear completely misses you. The polar bear barely misses you.
The polar bear claws you. The yak misses you.
You shoot a sling bullet. The sling bullet hits the yak.
The sling bullet freezes the yak.
The yak is almost dead.
The yak gores you but does no damage. The polar bear bites you!
You die...

.##.... .# #.. .. ##
..########...#######.
....... ............
.!...... .........
....#. #####...... #
#Y#..###.#.......%
#.#@#.##..##.#.....#
+.h.#.##...#......##
#.#...##.##.....####
#.#.#.#..#.#.#.....#
# #.#.....#..#.....#
.#.#...##..#.....#
#..#.#..#..#.#....#
#...#.#.###(.#.####
####.#.## ##..%#


You could see a polar bear and a yak.

Vanquished Creatures
  2 black mambas (Lair:1)
  An elephant (Lair:1)
  6 komodo dragons
  A polar bear (Lair:1)
  2 wyverns (D:8)
  11 yaks
  2 basilisks
  2 steam dragons
  4 water moccasins
  A swamp drake (D:8)
  A sky beast (D:7)
  An ice beast (D:7)
  An ogre (D:6)
  A phantom (D:5)
  3 kobold brigands (Sewer)
  8 bullfrogs
  5 scorpions
  5 wights (D:7)
  5 howler monkeys
  An orc priest (D:5)
  A hound (D:6)
  A sleepcap (D:5)
  Jessica (D:2)
  An iguana (D:5)
  Natasha (twice) (D:3)
  4 orc wizards
  6 gnolls
  3 adders
  2 river rats (Sewer)
  3 shadow imps
  3 white imps
  7 worms
  3 dart slugs
  20 orcs
  8 endoplasms
  3 giant cockroaches
  5 hobgoblins
  4 jackals (D:2)
  9 quokkas
  7 ball pythons
  6 bats
  6 frilled lizards
  7 goblins
  7 kobolds
  10 rats
192 creatures vanquished.

Notes
Turn   | Place    | Note
-------+----------+-------------------------------------------
     0 | D:1      | qw the Minotaur Hexslinger began the quest for the Orb.
     0 | D:1      | Reached XP level 1. HP: 16/16 MP: 1/1
     0 | D:1      | 0 ||| qw: Version: 0.3-a-35-g05ef00e
     0 | D:1      | 0 ||| qw: Game counter: 7703
     0 | D:1      | 0 ||| qw: Melee chars always use a shield: true
     0 | D:1      | 0 ||| qw: God list: Okawaru
     0 | D:1      | 0 ||| qw: Allow faded altars: false
     0 | D:1      | 0 ||| qw: Do Orc after clearing Dungeon:15 true
     0 | D:1      | 0 ||| qw: Do second Lair branch before Depths: true
     0 | D:1      | 0 ||| qw: Lair rune preference: random
     0 | D:1      | 0 ||| qw: Goals: Normal
     0 | D:1      | 0 ||| PLANNING D:1-11
   139 | D:1      | Reached skill level 3 in Ranged Weapons
   143 | D:1      | Reached XP level 2. HP: 23/23 MP: 2/2
   677 | D:1      | 677 ||| UPGRADING to +2 ring mail of cold resistance.
   687 | D:1      | 687 ||| DROPPING +0 robe.
   688 | D:1      | 688 ||| UPGRADING to +5 ring of evasion.
   689 | D:1      | 689 ||| DROPPING scroll of poison.
   711 | D:2      | Noticed Jessica
   716 | D:2      | Killed Jessica
   717 | D:2      | Reached skill level 4 in Ranged Weapons
   717 | D:2      | Reached XP level 3. HP: 29/29 MP: 3/3
   834 | D:2      | You fall into a shaft and drop 2 floors!
   834 | D:4      | Found a burning altar of Makhleb.
   835 | D:4      | 835 ||| PLANNING SEWER
   838 | D:4      | Reached skill level 1 in Armour
   841 | D:4      | Reached XP level 4. HP: 36/36 MP: 4/4
   857 | D:4      | Found Cumohy's Magic Scroll Emporium.
   895 | D:4      | 895 ||| SHOPLISTING scroll of brand weapon (95 gold, have
                  | 76).
   895 | D:4      | 895 ||| BUYING scroll of enchant armour (75 gold).
   895 | D:4      | Bought a scroll of enchant armour for 75 gold pieces
   895 | D:4      | 895 ||| SHOPLISTING scroll of enchant weapon (75 gold, have
                  | 1).
   895 | D:4      | 895 ||| SHOPLISTING scroll of identify (20 gold, have 1).
   972 | D:4      | Found Caebrul's Assorted Antiques.
   992 | D:4      | 992 ||| SHOPLISTING encrusted bone wand (76 gold, have 21).
   992 | D:4      | 992 ||| BUYING scroll labelled JIVVATZ MOOSO (19 gold).
   992 | D:4      | Bought a scroll labelled JIVVATZ MOOSO for 19 gold pieces
   992 | D:4      | 992 ||| SHOPLISTING sedimented black potion (17 gold, have
                  | 2).
  1066 | D:4      | Found Faic's Armour Shoppe.
  1080 | D:4      | 1080 ||| SHOPLISTING +0 pair of boots (58 gold, have 27).
  1080 | D:4      | 1080 ||| SHOPLISTING +0 pair of gloves (58 gold, have 27).
  1080 | D:4      | 1080 ||| SHOPLISTING +1 pair of gloves (149 gold, have 27).
  1107 | D:4      | 1107 ||| Stepping ~*~*~tactically~*~*~ (water).
  1124 | D:4      | Found a glowing drain.
  1125 | D:4      | 1125 ||| READING 2 scrolls labelled SESAIQ MELI.
  1130 | D:4      | 1130 ||| READING scroll labelled JIVVATZ MOOSO.
  1168 | Sewer    | Entered a sewer
  1184 | Sewer    | Reached skill level 5 in Ranged Weapons
  1267 | Sewer    | 1267 ||| Stepping ~*~*~tactically~*~*~ (water).
  1330 | Sewer    | Noticed a kobold brigand
  1345 | Sewer    | Killed a kobold brigand
  1346 | Sewer    | Reached XP level 5. HP: 16/46 MP: 5/5
  1619 | Sewer    | Reached XP level 6. HP: 52/52 MP: 6/6
  1644 | Sewer    | 1644 ||| Stepping ~*~*~tactically~*~*~ (water).
  1673 | Sewer    | 1673 ||| FLEEEEING.
  1676 | Sewer    | Reached skill level 6 in Ranged Weapons
  1885 | Sewer    | 1885 ||| READING scroll labelled WOCHEI TIUNGATEUG.
  1886 | Sewer    | 1886 ||| DRINKING 3 purple potions.
  1887 | Sewer    | 1887 ||| DRINKING 3 viscous ruby potions.
  1887 | Sewer    | Gained mutation: Armour fits poorly on your strangely
                  | shaped body. [potion of mutation]
  1887 | Sewer    | Gained mutation: You have a pair of large horns on your
                  | head. [potion of mutation]
  1887 | Sewer    | Gained mutation: You occasionally lose the ability to drink
                  | potions when taking damage. [potion of mutation]
  1887 | Sewer    | Gained mutation: You are robust. (+10% HP) [potion of
                  | mutation]
  1903 | Sewer    | 1903 ||| DRINKING 2 potions of mutation.
  1903 | Sewer    | Lost mutation: Armour fits poorly on your strangely shaped
                  | body. [potion of mutation]
  1903 | Sewer    | Lost mutation: You occasionally lose the ability to drink
                  | potions when taking damage. [potion of mutation]
  1903 | Sewer    | Lost mutation: You have a pair of large horns on your head.
                  | [potion of mutation]
  1903 | Sewer    | Gained mutation: You are somewhat resistant to further
                  | mutation. [potion of mutation]
  1914 | D:4      | 1914 ||| PLANNING D:1-11
  2016 | D:3      | 2016 ||| READING scroll labelled DOOZY DAICH.
  2082 | D:2      | Found a runed translucent door.
  2083 | D:2      | Noticed Crazy Yiuf
  2738 | D:3      | Identified the +1 sling "Blob" {freeze, rF+}
  2740 | D:3      | 2740 ||| SWAPPING to +1 sling "Blob" {freeze, rF+}.
  2741 | D:3      | 2741 ||| DROPPING +1 sling.
  2818 | D:3      | Noticed Natasha
  2826 | D:3      | Killed Natasha
  2827 | D:3      | Reached skill level 7 in Ranged Weapons
  2936 | D:3      | Found a runed translucent door.
  2941 | D:3      | Noticed qw's ghost (amateur GrHs)
  3110 | D:3      | Found a faded altar of an unknown god.
  3374 | D:3      | 3374 ||| UPGRADING to ring of see invisible.
  3375 | D:3      | 3375 ||| READING scroll labelled BIRCHU ZAUSTODGH.
  3376 | D:3      | 3376 ||| READING 3 scrolls of identify.
  3376 | D:3      | 3376 ||| IDENTIFYING fizzy green potion
  3377 | D:3      | 3377 ||| READING 2 scrolls of identify.
  3377 | D:3      | 3377 ||| IDENTIFYING sedimented black potion
  3378 | D:3      | 3378 ||| DROPPING potion of degeneration.
  3447 | D:3      | Noticed Natasha
  3455 | D:3      | Killed Natasha
  3705 | D:5      | Entered Level 5 of the Dungeon
  3874 | D:5      | Reached XP level 7. HP: 64/64 MP: 7/7
  3960 | D:5      | Found a bloodstained altar of Trog.
  4083 | D:5      | Reached skill level 8 in Ranged Weapons
  4202 | D:5      | Found a staircase to the Ecumenical Temple.
  4203 | D:5      | 4203 ||| PLANNING TEMPLE
  4593 | D:5      | 4593 ||| READING scroll labelled ORHEDD ZORUY.
  4594 | D:5      | 4594 ||| DRINKING 2 red potions.
  4641 | D:5      | 4641 ||| DROPPING potion of lignification.
  4659 | D:6      | Found a basalt altar of Yredelemnul.
  4660 | D:6      | Found a shimmering blue altar of Sif Muna.
  4661 | D:6      | Found a radiant altar of Vehumet.
  4662 | D:6      | Found a broken altar of Ashenzari.
  4752 | D:6      | 4752 ||| STAIRDANCE
  4773 | D:6      | Identified the +1 plate armour of Fashionability {rN+ Int+6
                  | Dex+3 Slay-5}
  4946 | D:6      | 4946 ||| DRINKING 2 fizzy silvery potions.
  4947 | D:6      | 4947 ||| DROPPING potion of invisibility.
  4951 | D:6      | 4951 ||| STAIRDANCE
  4958 | Temple   | Entered the Ecumenical Temple
  5081 | Temple   | 5081 ||| PLANNING OKAWARU WORSHIP
  5190 | Temple   | Became a worshipper of Warmaster Okawaru
  5191 | Temple   | 5191 ||| PLANNING D:1-11
  5357 | D:6      | Reached skill level 9 in Ranged Weapons
  5357 | D:6      | Reached XP level 8. HP: 74/74 MP: 8/8
  5477 | D:6      | Reached skill level 3 in Dodging
  5656 | D:6      | 5656 ||| READING scroll labelled WUAGASHR TAFRULIAF.
  5726 | D:7      | Reached * piety under Okawaru
  5727 | D:7      | Reached skill level 6 in Fighting
  5806 | D:7      | Reached skill level 1 in Invocations
  5873 | D:7      | 5873 ||| INVOKING Heroism.
  6114 | D:7      | Found a glowing golden altar of the Shining One.
  6165 | D:7      | Reached skill level 10 in Ranged Weapons
  6165 | D:7      | Reached skill level 3 in Invocations
  6422 | D:7      | Found a hazy altar of Hepliaklqana.
  6431 | D:7      | 6431 ||| DRINKING 2 blue potions.
  6432 | D:7      | 6432 ||| READING 4 scrolls of identify.
  6432 | D:7      | 6432 ||| IDENTIFYING puce potion
  6433 | D:7      | 6433 ||| READING 3 scrolls of identify.
  6433 | D:7      | 6433 ||| IDENTIFYING coppery potion
  6434 | D:7      | 6434 ||| READING 2 scrolls of identify.
  6434 | D:7      | 6434 ||| IDENTIFYING green potion
  6435 | D:7      | 6435 ||| DROPPING potion of attraction.
  6465 | D:8      | 6465 ||| Stepping ~*~*~tactically~*~*~ (outnumbered).
  6467 | D:8      | 6467 ||| Stepping ~*~*~tactically~*~*~ (outnumbered).
  6515 | D:8      | 6515 ||| INVOKING Heroism.
  6518 | D:8      | Reached XP level 9. HP: 55/85 MP: 7/10
  6641 | D:8      | 6641 ||| INVOKING Heroism.
  6989 | D:8      | Reached ** piety under Okawaru
  6990 | D:8      | Reached skill level 11 in Ranged Weapons
  6992 | D:8      | Noticed a komodo dragon
  6993 | D:8      | 6993 ||| INVOKING Heroism.
  7008 | D:8      | Killed a komodo dragon
  7168 | D:8      | Found a staircase to the Lair.
  7182 | D:8      | 7182 ||| DRINKING potion of resistance.
  7199 | D:8      | Noticed a komodo dragon
  7200 | D:8      | 7200 ||| INVOKING Heroism.
  7212 | D:8      | Reached skill level 12 in Ranged Weapons
  7218 | D:8      | Killed a komodo dragon
  7353 | D:8      | Reached *** piety under Okawaru
  7464 | D:8      | 7464 ||| Stepping ~*~*~tactically~*~*~ (outnumbered).
  7472 | D:8      | Reached skill level 3 in Armour
  7472 | D:8      | Reached XP level 10. HP: 96/96 MP: 12/12
  7543 | D:8      | 7543 ||| INVOKING Heroism.
  8080 | D:8      | 8080 ||| PLANNING LAIR
  8080 | D:8      | 8080 ||| DROPPING ring of wizardry.
  8220 | Lair:1   | Entered Level 1 of the Lair of Beasts
  8221 | Lair:1   | 8221 ||| PLANNING GAUNTLET
  8247 | Lair:1   | 8247 ||| DRINKING potion of cancellation.
  8306 | Lair:1   | Noticed a black mamba
  8307 | Lair:1   | 8307 ||| INVOKING Heroism.
  8313 | Lair:1   | Killed a black mamba
  8342 | Lair:1   | 8342 ||| INVOKING Heroism.
  8351 | Lair:1   | HP: 21/96 [yak (12)]
  8352 | Lair:1   | 8352 ||| READING scroll of teleportation.
  8353 | Lair:1   | 8353 ||| DRINKING potion of heal wounds.
  8547 | Lair:1   | 8547 ||| INVOKING Heroism.
  8557 | Lair:1   | Reached skill level 13 in Ranged Weapons
  8745 | Lair:1   | Noticed an elephant
  8764 | Lair:1   | 8764 ||| INVOKING Heroism.
  8769 | Lair:1   | Killed an elephant
  8770 | Lair:1   | Reached skill level 9 in Fighting
  8786 | Lair:1   | 8786 ||| RIP GAUNTLET
  8789 | Lair:1   | 8789 ||| PLANNING LAIR
  8822 | Lair:1   | Noticed a black mamba
  8824 | Lair:1   | 8824 ||| INVOKING Heroism.
  8842 | Lair:1   | Killed a black mamba
  8896 | Lair:1   | 8896 ||| FLEEEEING.
  8998 | Lair:1   | 8998 ||| INVOKING Heroism.
  9006 | Lair:1   | Reached skill level 14 in Ranged Weapons
  9010 | Lair:1   | Reached **** piety under Okawaru
  9063 | Lair:1   | 9063 ||| INVOKING Heroism.
  9084 | Lair:1   | Reached XP level 11. HP: 77/108 MP: 13/13
  9096 | Lair:1   | HP: 26/108 [polar bear (2)]
  9097 | Lair:1   | 9097 ||| READING 2 scrolls of teleportation.
  9099 | Lair:1   | Slain by a polar bear

Levels and vault maps discovered:
D:1:      minmay_arrival_hallway, layout_basic
D:2:      layout_loops_cross, uniq_crazy_yiuf_cottage, uniq_jessica
D:3:      layout_basic, chequers_ecumenical_altar_simple_redux,
          ebering_ghost_sewer_d, uniq_natasha
D:4:      layout_rooms, bloody_makhleb, gup_sewer_entry_pipe, serial_shops,
          shop, nicolae_diamond_shop, shop
D:5:      layout_loops_ring, mainiacjoe_overflow_24_doors,
          minmay_temple_entry_from_below_a, minmay_misc_feat_plants,
          chequers_jeans
D:6:      layout_loops_ring, mainiacjoe_overflow_alcove_3
D:7:      layout_cave_pools, old_standard_altar, mainiacjoe_overflow_chevrons
D:8:      layout_basic, erik_lair_dragon, nrook_campfire
Temple:   nicolae_temple_figure_eight
Lair:1:   layout_regular_city, gauntlet_entry_generic, minmay_shattered_shrine,
          serial_bayou_shore_b, grunt_megastairs_5, uniq_urug, uniq_fannar

Skill      XL: |  1  2  3  4  5  6  7  8  9 10 |
---------------+-------------------------------+-----
Ranged Weapons | 3 4 5 7 9 10 12 14 | 14.0
Fighting       | 2 4 5 6 8 10 | 10.0
Armour         | 1 2 3 |  3.0
Dodging        | 3 4 5 |  5.7
Invocations    | 3 4 5 |  5.2
Spellcasting   | |  1.0
Hexes          | |  2.0

Action                     |  1- 3 |  4- 6 |  7- 9 | 10-12 || total
---------------------------+-------+-------+-------+-------++-------
   Fire: Sling             |    71 |   293 |   366 |   210 ||   940
 Invoke: Heroism           |       |       |     5 |     8 ||    13
    Use: Scroll            |       |     7 |     5 |     2 ||    14
         Potion            |       |     3 |     4 |     2 ||     9
 Armour: Robe              |     3 |       |       |       ||     3
         Ring mail         |     1 |    21 |    45 |    32 ||    99
  Dodge: Dodged            |    18 |    85 |   159 |   150 ||   412

Table legend:
 A = Non-vault XP
 B = Vault XP
 C = Vault XP percentage of total XP
 D = Non-vault monster count
 E = Vault monster count
 F = Vault count percentage of total count
                 A         B        C        D         E       F
            +---------+---------+-------+---------+---------+-------
      Total |    6147 |    5263 |  46.1 |     148 |      44 |  22.9
            +---------+---------+-------+---------+---------+-------
        D:1 |      36 |       0 |   0.0 |      23 |       0 |   0.0
        D:2 |      83 |      37 |  30.8 |      26 |       1 |   3.7
        D:3 |      62 |      36 |  36.7 |      13 |       1 |   7.1
        D:4 |      37 |       8 |  17.8 |      13 |       4 |  23.5
        D:5 |     483 |       0 |   0.0 |      17 |       0 |   0.0
        D:6 |     579 |       0 |   0.0 |      11 |       0 |   0.0
        D:7 |     936 |       0 |   0.0 |      15 |       0 |   0.0
        D:8 |    1612 |    1490 |  48.0 |      18 |       6 |  25.0
     Lair:1 |    2319 |    3331 |  59.0 |      12 |      13 |  52.0
      Sewer |       0 |     361 | 100.0 |       0 |      19 | 100.0
            +---------+---------+-------+---------+---------+-------
